 Dungeon Crawl Stone Soup version 0.19-a0-944-gb338e1e (webtiles) character file.

4139 Gagarin the Thaumaturge (level 10, -4/46 HPs)
             Began as a Spriggan Earth Elementalist on July 8, 2016.
             Was a Believer of Sif Muna.
             Slain by a crocodile (6 damage)
             ... on level 8 of the Dungeon.
             The game lasted 00:45:03 (9428 turns).

Gagarin the Thaumaturge (SpEE)                      Turns: 9428, Time: 00:45:04

Health: -4/46      AC:  8    Str: 10    XL:     10   Next: 7%
Magic:  19/25      EV: -1    Int: 21    God:    Sif Muna [**....]
Gold:   23         SH:  0    Dex: 21    Spells: 4 memorised, 17 levels left

rFire  + + .     SeeInvis +     I - +7 short sword "Utymolut" {speed, +Blink Int+2}
rCold  . . .     Gourm    .     S - +1 robe of Cocytus {rF+ rC+}
rNeg   + + +     Faith    .     (shield restricted)
rPois  ∞         Spirit   .     (helmet restricted)
rElec  .         Dismiss  .     y - +0 cloak
rCorr  .         Reflect  .     (gloves unavailable)
SustAt .         Harm     .     (boots unavailable)
MR     +....                    x - amulet of regeneration
Stlth  +++++.....               X - ring of Kemiezif {Fire Str+4 Dex+5 SInv}
                                R - +4 ring of protection

@: petrified, very quick, somewhat resistant to hostile enchantments, quite
stealthy
A: unfitting armour, see invisible, herbivore 3, speed 3, slow metabolism 2
a: Divine Energy, Renounce Religion, Evoke Blink


You were on level 8 of the Dungeon.
You worshipped Sif Muna.
Sif Muna was pleased with you.
You were not hungry.

You visited 2 branches of the dungeon, and saw 9 of its levels.
You also visited: Sewer.

You collected 232 gold pieces.
You spent 209 gold pieces at shops.

Inventory:

Hand Weapons
 o - a +0 dagger of speed
 A - a +1 short sword of electrocution
 C - the +8 hand axe of the Queen {speed, rF+ Str-4 Stlth+}
   (You found it on level 4 of the Dungeon)

   Attacks with this weapon are significantly faster.
   It affects your strength (-4).
   It protects you from fire.
   It makes you more stealthy.
 I - the +7 short sword "Utymolut" (weapon) {speed, +Blink Int+2}
   (You took it off an orc on level 5 of the Dungeon)

   Attacks with this weapon are significantly faster.
   It affects your intelligence (+2).
   It lets you blink.
 L - a cursed -1 shortbow
Missiles
 b - 39 stones (quivered)
 M - 81 arrows
Armour
 c - a +1 robe
 y - a +0 cloak (worn)
 S - the +1 robe of Cocytus (worn) {rF+ rC+}
   (You bought it in a shop on level 4 of the Dungeon)

   It protects you from fire.
   It protects you from cold.
Magical Staves
 n - an uncursed staff of cold
Jewellery
 l - a +2 ring of protection
 x - an amulet of regeneration (around neck)
 G - an uncursed ring of poison resistance
 Q - an uncursed ring of stealth
 R - a +4 ring of protection (left hand)
 X - the ring of Kemiezif (right hand) {Fire Str+4 Dex+5 SInv}
   (You found it on level 7 of the Dungeon)

   [ring of fire]

   It enhances your fire magic, and weakens your ice magic.
   It affects your strength (+4).
   It affects your dexterity (+5).
   It protects you from fire.
   It makes you vulnerable to cold.
   It lets you see invisible.
Wands
 J - a wand of flame (37/48)
 U - a wand of flame (29/48)
Scrolls
 d - a scroll of fog {unknown}
 f - 2 scrolls of enchant armour
 g - 3 scrolls of remove curse
 h - 6 scrolls of identify
 i - 2 scrolls of fear {unknown}
 k - 2 scrolls of noise {unknown}
 q - 3 scrolls of teleportation
 t - 2 scrolls of blinking {unknown}
 v - 3 scrolls of recharging {unknown}
 w - a scroll of magic mapping {unknown}
 B - a scroll of enchant weapon {unknown}
 T - a scroll of amnesia {unknown}
 W - a scroll of random uselessness {unknown}
Potions
 a - 2 potions of heal wounds {unknown}
 j - a potion of haste {unknown}
 m - a potion of cancellation {unknown}
 p - a potion of berserk rage {unknown}
 r - 3 potions of ambrosia {unknown}
 s - 7 potions of flight {unknown}
 u - a potion of curing {unknown}
 D - a potion of brilliance {unknown}
 E - 2 potions of might {unknown}
 F - a potion of mutation {unknown}
 H - 2 potions of invisibility {unknown}
 V - a potion of agility {unknown}
Books
 e - a book of Geomancy

   Spells                             Type                      Level
   a - Sandblast                      Earth                        1
   b - Passwall                       Transmutation/Earth          2
   c - Stone Arrow                    Conjuration/Earth            3
   d - Petrify                        Transmutation/Earth          4
   e - Lee's Rapid Deconstruction     Earth                        5
 N - a book of Spatial Translocations

   Spells                             Type                      Level
   a - Apportation                    Translocation                1
   b - Blink                          Translocation                2
   c - Shroud of Golubria             Charms/Translocation         2
   d - Portal Projectile              Translocation                3
   e - Teleport Other                 Translocation                3
   f - Passage of Golubria            Translocation                4
 P - a book of Annihilations

   Spells                             Type                      Level
   a - Poison Arrow                   Conjuration/Poison           6
   b - Chain Lightning                Conjuration/Air              8
   c - Lehudib's Crystal Spear        Conjuration/Earth            8
   d - Glaciate                       Conjuration/Ice              9
   e - Fire Storm                     Conjuration/Fire             9
 Z - a book of the Earth

   Spells                             Type                      Level
   a - Leda's Liquefaction            Hexes/Earth                  4
   b - Bolt of Magma                  Conjuration/Fire/Earth       5
   c - Statue Form                    Transmutation/Earth          6
   d - Iron Shot                      Conjuration/Earth            6
   e - Shatter                        Earth                        9
Comestibles
 z - 2 bread rations
 K - a fruit
 O - 2 royal jellies
 Y - 2 slices of pizza


   Skills:
 + Level 1.9 Fighting
 + Level 2.4 Short Blades
 + Level 6.3 Dodging
 + Level 8.0 Stealth
 + Level 10.9 Spellcasting
 + Level 1.9 Conjurations
 + Level 3.1 Transmutations
 + Level 8.0 Earth Magic


You had 17 spell levels left.
You knew the following spells:

 Your Spells              Type           Power        Failure   Level  Hunger
a - Sandblast             Erth           #####.       1%          1    None
b - Stone Arrow           Conj/Erth      ####..       2%          3    None
c - Petrify               Tmut/Erth      #####...     8%          4    ##.....
d - Lee's Rapid Deconstr  Erth           #####.....   8%          5    ####...


Dungeon Overview and Level Annotations

Branches:
Dungeon (8/15)             Temple (1/1) D:5
   Lair: D:8-11

Altars:
Ashenzari
Cheibriados
Dithmenos
Elyvilon
Fedhas
Gozag
Hepliaklqana
Kikubaaqudgha
Makhleb
Nemelex Xobeh
Okawaru
Pakellas
Qazlal
Ru
Sif Muna
Trog
Uskayaw
Vehumet
Xom
Yredelemnul
Zin
The Shining One

Shops:
D:4 **=:?


Innate Abilities, Weirdness & Mutations

You are tiny and cannot use many weapons and most armour.
You have supernaturally acute eyesight. (SInv)
You are a herbivore.
You cover ground extremely quickly.
You need consume almost no food.


Message History

The basilisk gazes at you. You resist with almost no effort.
The crocodile bites you! The basilisk bites you! The crocodile bites you!
The crocodile bites you!! The crocodile bites you. The basilisk gazes at you.
The crocodile bites you!
* * * LOW HITPOINT WARNING * * *
The crocodile bites you!
* * * LOW HITPOINT WARNING * * *
The crocodile bites you.
* * * LOW HITPOINT WARNING * * *
The crocodile bites you!
* * * LOW HITPOINT WARNING * * *
The basilisk bites you but does no damage.
The crocodile bites you!
* * * LOW HITPOINT WARNING * * *
The crocodile bites you.
The crocodile bites you but does no damage.
The crocodile bites you!
You die...

..# #######
........... . .....
...$. ...>
...)..#... .... .
....#.#..##.#.. .#
.......... .# ..#
###.#.#..##+#.##..#
.....ll@..(........
#.#...tt.......# #
.........†.....#..#.
....≈.....#.........
...≈≈≈÷.............
....≈≈≈.............
....≈≈≈..###...≈....
......≈..+ .........
.........# #...≈≈≈..


You could see 2 basilisks and 2 crocodiles.

Vanquished Creatures
  Joseph (D:7)
  A hippogriff (D:8)
  A hungry ghost (D:6)
  2 porcupines (D:8)
  A black bear (D:6)
  Purgy (D:3)
  4 ice beasts
  A sky beast (D:6)
  2 orc warriors
  2 necrophages
  4 ogres
  3 centaurs
  6 giant frogs
  A gnoll sergeant (D:7)
  2 scorpions
  3 wights (D:6)
  2 howler monkeys
  A crimson imp (D:7)
  A centaur zombie (D:6)
  2 jellies
  Crazy Yiuf (D:3)
  2 orc priests (D:6)
  5 hounds
  A centaur skeleton (D:6)
  2 iguanas
  7 orc wizards
  A killer bee zombie (D:7)
  3 worker ants
  A hound skeleton (D:7)
  7 gnolls
  11 adders
  2 river rats
  5 oozes
  A worm (D:6)
  5 dart slugs
  3 giant geckos
  20 orcs
  3 ball pythons (Sewer)
  5 giant cockroaches
  6 goblins
  8 hobgoblins
  9 jackals
  2 quokkas
  3 bats
  3 giant newts
  A jackal skeleton (D:3)
  5 kobolds
  A quokka skeleton (D:6)
  4 rats
168 creatures vanquished.

Notes
Turn   | Place    | Note
-------+----------+-------------------------------------------
     0 | D:1      | Gagarin the Spriggan Earth Elementalist began the quest for the Orb.
     0 | D:1      | Reached XP level 1. HP: 9/9 MP: 5/5
   171 | D:1      | Reached XP level 2. HP: 13/13 MP: 3/6
   481 | D:1      | Reached skill level 3 in Spellcasting
   546 | D:1      | Reached XP level 3. HP: 16/16 MP: 5/8
   551 | D:1      | Learned a level 3 spell: Stone Arrow
   810 | D:2      | Found a stormy altar of Qazlal.
  1303 | D:2      | Reached XP level 4. HP: 21/21 MP: 8/10
  1541 | D:2      | Reached skill level 4 in Spellcasting
  2057 | D:2      | Found a hazy altar of Hepliaklqana.
  2179 | D:2      | Found a hide-covered altar of Uskayaw.
  2401 | D:3      | Found a sparkling altar of Nemelex Xobeh.
  2515 | D:3      | Learned a level 4 spell: Petrify
  2525 | D:3      | Reached XP level 5. HP: 24/24 MP: 4/12
  2533 | D:3      | Found a glowing drain.
  2537 | Sewer    | Entered a sewer
  2714 | Sewer    | Noticed Purgy
  2777 | D:3      | Killed Purgy
  2903 | D:3      | Reached XP level 6. HP: 28/28 MP: 10/14
  3002 | D:3      | Found a runed door.
  3006 | D:3      | Noticed Crazy Yiuf
  3011 | D:3      | Killed Crazy Yiuf
  3011 | D:3      | Reached skill level 5 in Spellcasting
  3161 | D:3      | Found an oddly glowing altar of Pakellas.
  3330 | D:4      | Found Yfalop's Assorted Antiques.
  3357 | D:4      | Reached skill level 5 in Earth Magic
  3385 | D:4      | Found a shimmering altar of Xom.
  3447 | D:4      | Got a bloodstained hand axe
  3464 | D:4      | Found a shattered altar of Ashenzari.
  3553 | D:4      | Found Napnueq's Book Boutique.
  3598 | D:4      | Found Qimeing's Jewellery Shop.
  3731 | D:4      | Found Xekli's Assorted Antiques.
  3857 | D:4      | Identified the +8 hand axe of the Queen {speed, rF+ Str-4 Stlth+} (You found it on level 4 of the Dungeon)
  4106 | D:4      | Reached skill level 6 in Spellcasting
  4299 | D:4      | Found Iredwaod's Magic Scroll Shoppe.
  4307 | D:4      | Bought a scroll of teleportation for 33 gold pieces
  4334 | D:5      | Entered Level 5 of the Dungeon
  4337 | D:5      | Noticed an ice beast
  4402 | D:5      | Reached XP level 7. HP: 32/32 MP: 13/17
  4432 | D:5      | Learned a level 5 spell: Lee's Rapid Deconstruction
  4511 | D:5      | Reached skill level 7 in Spellcasting
  4514 | D:5      | Reached skill level 1 in Conjurations
  4613 | D:5      | Found a basalt altar of Yredelemnul.
  4642 | D:5      | Found an iron altar of Okawaru.
  4806 | D:5      | Reached XP level 8. HP: 36/36 MP: 6/20
  4938 | D:5      | Reached skill level 8 in Spellcasting
  4985 | D:5      | Got a polished short sword {speed}
  4986 | D:5      | Identified the +7 short sword "Utymolut" {speed, +Blink Int+2} (You took it off an orc on level 5 of the Dungeon)
  5123 | D:5      | Found a staircase to the Ecumenical Temple.
  5141 | D:5      | Reached skill level 5 in Stealth
  5150 | Temple   | Entered the Ecumenical Temple
  5273 | Temple   | Became a worshipper of Sif Muna the Loreminder
  5828 | D:6      | Reached skill level 1 in Fighting
  5921 | D:6      | Reached skill level 5 in Dodging
  6083 | D:6      | Reached skill level 9 in Spellcasting
  6402 | D:6      | Reached XP level 9. HP: 41/41 MP: 18/23
  6609 | D:6      | Reached skill level 1 in Short Blades
  6925 | D:6      | Reached * piety under Sif Muna
  7426 | D:7      | Reached skill level 10 in Spellcasting
  8072 | D:7      | Found a burning altar of Makhleb.
  8370 | D:4      | Bought a faintly humming robe for 176 gold pieces
  8380 | D:4      | Identified the +1 robe of Cocytus {rF+ rC+} (You bought it in a shop on level 4 of the Dungeon)
  8548 | D:7      | Found a sacrificial altar of Ru.
  8756 | D:7      | Noticed Joseph
  8765 | D:7      | Killed Joseph
  8816 | D:7      | Got an ancient tin ring
  8817 | D:7      | Identified the ring of Kemiezif {Fire Str+4 Dex+5 SInv} (You found it on level 7 of the Dungeon)
  9225 | D:8      | Reached ** piety under Sif Muna
  9225 | D:8      | Reached XP level 10. HP: 37/46 MP: 8/25
  9427 | D:8      | HP: 1/46 [crocodile (3)]
  9428 | D:8      | Slain by a crocodile

Vault maps used:
D:1:      dpeg_arrival_signposts, minmay_misc_feat_room
D:2:      old_standard_altar, lemuel_coloured_pillars_altar,
          lemuel_crystal_altar
D:3:      nemelex_xobeh_ov_fountains_minmay, gup_sewer_entry_bowl, st_stairs_9,
          grunt_pakellas_salt, uniq_crazy_yiuf_cottage
D:4:      evilmike_ruin_ashenzari, nicolae_overflow_crystal_walls, serial_shops,
          shop, shop, shop_fountains, shop, shop
D:5:      lemuel_doored_altar, first_bread, serial_glass, glass_columns_a,
          glass_columns_a, glass_columns_a, glass_columns_a, glass_columns_a,
          glass_columns_a, glass_columns_c, glass_columns_a, glass_columns_a,
          glass_columns_c, nrook_mini_vaults, okawaru_ov_weapons_minmay
D:7:      makhleb_blood_cavern_becter, nicolae_ru_sacrificial_ziggurat,
          uniq_joseph
D:8:      minmay_lair_entry_grove
Temple:   nicolae_temple_figure_eight
Sewer:    sewer_co_purgy_island

Skill      XL: |  1  2  3  4  5  6  7  8  9 10 |
---------------+-------------------------------+-----
Earth Magic    | 3 4 5 6 7 8 |  8.0
Spellcasting   | 3 4 6 7 9 10 | 10.9
Dodging        | 4 5 6 |  6.3
Stealth        | 4 6 7 8 |  8.0
Conjurations   | 1 |  1.9
Fighting       | 1 |  1.9
Transmutations | 3 |  3.1
Short Blades   | 2 |  2.4

Action                   |  1- 3 |  4- 6 |  7- 9 | 10-12 || total
-------------------------+-------+-------+-------+-------++-------
Melee: Dagger            |     2 |    16 |       |       ||    18
       Rapier            |       |     1 |       |       ||     1
       Short sword       |       |    16 |   126 |       ||   142
 Fire: Hunting sling     |     3 |       |       |       ||     3
 Cast: Sandblast         |    36 |    98 |    74 |       ||   208
       Stone Arrow       |     3 |    14 |    51 |     2 ||    70
       Petrify           |       |       |    30 |       ||    30
       Lee's Rapid Decon |       |       |     9 |     1 ||    10
  Use: Scroll            |     1 |     2 |     2 |       ||     5
 Stab: Sleeping          |       |     7 |     8 |       ||    15
       Petrified         |       |       |    16 |       ||    16
       Petrifying        |       |       |     1 |       ||     1
  Eat: Bread ration      |       |     1 |     1 |       ||     2
       Fruit             |       |       |     3 |       ||     3
Armor: Robe              |     1 |     6 |     4 |     4 ||    15
Dodge: Dodged            |    13 |    54 |    90 |     3 ||   160
